| TOP OF THE 1ST |
|
Boston Red Sox batting - Pitching for Texas Rangers : RHP Kelly Goosecock
|
|
Pitching: RHP Kelly Goosecock
|
|
|
Batting: SHB Robbie Rogers
|
0-0: Ground out 4-3 (Groundball, 34D, EV 100.0 MPH)
|
|
Batting: LHB Xavier Pittman
|
0-0: Called Strike 0-1: SINGLE (Line Drive, 89S, EV 111.3 MPH)
|
|
Batting: SHB Mark Rennie
|
0-0: Ball 1-0: Fly out, F7 (Flyball, 7, EV 85.6 MPH)
|
|
Batting: LHB Ernesto Cedillos
|
0-0: Called Strike Xavier Pittman is caught stealing 2nd base 2-6
|
| Top of the 1st over - 0 runs, 1 hit, 0 errors, 0 left on base; Boston 0 - Texas 0 |
| BOTTOM OF THE 1ST |
|
Texas Rangers batting - Pitching for Boston Red Sox : LHP Ragnar Danielsson
|
|
Pitching: LHP Ragnar Danielsson
|
|
|
Batting: RHB David Casas
|
0-0: Swinging Strike 0-1: Foul Ball, location: 2F 0-2: Ground out 1-3 (Groundball, 15S, EV 70.6 MPH)
|
|
Batting: SHB John Giesbrecht
|
0-0: Ball 1-0: Called Strike 1-1: Ball 2-1: Foul Ball, location: 2F 2-2: Ball 3-2: Fly out, F8 (Flyball, 8RM, EV 95.6 MPH)
|
|
Batting: RHB Bert Clark
|
0-0: Ball 1-0: Foul Ball, location: 2F 1-1: Foul Ball, location: 2F 1-2: Ball 2-2: Ball 3-2: Base on Balls
|
|
Batting: RHB Rich Stinson
|
0-0: Called Strike 0-1: Ball 1-1: Ball 2-1: Foul Ball, location: 2F 2-2: Strikes out swinging
|
| Bottom of the 1st over - 0 runs, 0 hits, 0 errors, 1 left on base; Boston 0 - Texas 0 |
| TOP OF THE 2ND |
|
Boston Red Sox batting - Pitching for Texas Rangers : RHP Kelly Goosecock
|
|
Batting: LHB Ernesto Cedillos
|
0-0: Called Strike 0-1: Reached on error, E4 (Groundball, 4, EV 101.9 MPH)
|
|
Batting: SHB Rich Chavez
|
0-0: Ball 1-0: Ball 2-0: Called Strike 2-1: 2-RUN HOME RUN (Flyball, 89XD, EV 103.1 MPH), Distance : 394 ft
|
|
Batting: LHB Kevin McCormic Jr.
|
0-0: Ball 1-0: Foul Ball, location: 2F 1-1: Ground out 4-3 (Groundball, 4S, EV 80.0 MPH)
|
|
Batting: RHB Nick Esteves
|
0-0: Ball 1-0: Ball 2-0: Ball 3-0: Called Strike 3-1: Foul Ball, location: 2F 3-2: Strikes out swinging
|
|
Batting: SHB Greg Prime
|
0-0: Called Strike 0-1: Ball 1-1: Foul Ball, location: 2F 1-2: TRIPLE (Flyball, 89XD, EV 104.4 MPH)
|
|
Batting: SHB Brace Harper
|
0-0: Called Strike 0-1: Ball 1-1: Called Strike 1-2: Foul Ball, location: 2F 1-2: Ball 2-2: Ground out 4-3 (Groundball, 4, EV 81.9 MPH)
|
| Top of the 2nd over - 2 runs, 2 hits, 1 error, 1 left on base; Boston 2 - Texas 0 |
| BOTTOM OF THE 2ND |
|
Texas Rangers batting - Pitching for Boston Red Sox : LHP Ragnar Danielsson
|
|
Batting: RHB Casey Semenza
|
0-0: Called Strike 0-1: Ball 1-1: Swinging Strike 1-2: SINGLE (Line Drive, 6MD, EV 96.9 MPH)
|
|
Batting: SHB Vince Ealy
|
0-0: Fly out, F3 (Popup, 23, EV 88.8 MPH)
|
|
Batting: LHB Cody Schumacher
|
0-0: Ball 1-0: Ball 2-0: SINGLE (Groundball, 3S, EV 66.9 MPH) (infield hit) Casey Semenza to second
|
|
Batting: LHB Johan de Vries
|
0-0: Called Strike Casey Semenza steals 3rd base (no throw) 0-1: Ball 1-1: Ball 2-1: SINGLE (Line Drive, 7S, EV 101.3 MPH) Casey Semenza scores Cody Schumacher to second
|
|
Batting: RHB Alex Sandoval
|
0-0: Called Strike Cody Schumacher steals 3rd base Johan de Vries to second 0-1: Swinging Strike 0-2: Fly out, F9 (Line Drive, 9, EV 104.4 MPH) Runner from 3rd tags up, SCORES, no throw by RF
|
|
Batting: RHB David Casas
|
0-0: Ball 1-0: SINGLE (Groundball, 34D, EV 97.5 MPH) Johan de Vries to third Runner from 3rd tries for Home, SAFE, throw by RF to home
|
|
Batting: SHB John Giesbrecht
|
0-0: Called Strike 0-1: Ball 1-1: Called Strike 1-2: Fly out, F9 (Line Drive, 9, EV 87.5 MPH)
|
| Bottom of the 2nd over - 3 runs, 4 hits, 0 errors, 1 left on base; Boston 2 - Texas 3 |
| TOP OF THE 3RD |
|
Boston Red Sox batting - Pitching for Texas Rangers : RHP Kelly Goosecock
|
|
Batting: SHB Robbie Rogers
|
0-0: Ground out 6-3 (Groundball, 56, EV 81.3 MPH)
|
|
Batting: LHB Xavier Pittman
|
0-0: Ball 1-0: Swinging Strike 1-1: Foul Ball, location: 2F 1-2: Strikes out looking
|
|
Batting: SHB Mark Rennie
|
0-0: Ball 1-0: Ball 2-0: Swinging Strike 2-1: Swinging Strike 2-2: Foul Ball, location: 2F 2-2: Ball 3-2: SINGLE (Line Drive, 9S, EV 85.6 MPH)
|
|
Batting: LHB Ernesto Cedillos
|
0-0: Ball Mark Rennie steals 2nd base (no throw) 1-0: Swinging Strike 1-1: Swinging Strike 1-2: Ball 2-2: Ball 3-2: Strikes out swinging
|
| Top of the 3rd over - 0 runs, 1 hit, 0 errors, 1 left on base; Boston 2 - Texas 3 |
| BOTTOM OF THE 3RD |
|
Texas Rangers batting - Pitching for Boston Red Sox : LHP Ragnar Danielsson
|
|
Batting: RHB Bert Clark
|
0-0: Ball 1-0: Ball 2-0: Called Strike 2-1: Fly out, F9 (Flyball, 89S, EV 85.6 MPH)
|
|
Batting: RHB Rich Stinson
|
0-0: Ground out 6-3 (Groundball, 6MS, EV 66.9 MPH)
|
|
Batting: RHB Casey Semenza
|
0-0: Called Strike 0-1: Fly out, F6 (Popup, 6, EV 68.1 MPH)
|
| Bottom of the 3rd over - 0 runs, 0 hits, 0 errors, 0 left on base; Boston 2 - Texas 3 |
| TOP OF THE 4TH |
|
Boston Red Sox batting - Pitching for Texas Rangers : RHP Kelly Goosecock
|
|
Batting: SHB Rich Chavez
|
0-0: Ball 1-0: Ball 2-0: Ball 3-0: Base on Balls
|
|
Batting: LHB Kevin McCormic Jr.
|
0-0: Called Strike 0-1: Foul Ball, location: 2F 0-2: DOUBLE (Line Drive, 5D, EV 98.1 MPH) Rich Chavez to third
|
|
Batting: RHB Nick Esteves
|
0-0: Called Strike 0-1: Ball 1-1: Fly out, F7 (Flyball, 7, EV 95.0 MPH)
|
|
Batting: SHB Greg Prime
|
0-0: Ball 1-0: Ball 2-0: Ball 3-0: Called Strike 3-1: Called Strike 3-2: Strikes out swinging
|
|
Batting: SHB Brace Harper
|
0-0: Ball Wild Pitch! Rich Chavez scores Kevin McCormic Jr. to third 1-0: Ball 2-0: SINGLE (Flyball, 8LS, EV 86.3 MPH) Kevin McCormic Jr. scores
|
|
Batting: SHB Robbie Rogers
|
0-0: Ball 1-0: DOUBLE (Line Drive, 8RXD, EV 105.0 MPH) Brace Harper to third Runner from 3rd tries for Home, SAFE, throw by CF to home
|
|
Pitching: RHP Hector Aguado
|
|
|
Batting: LHB Xavier Pittman
|
0-0: Ball 1-0: Called Strike Robbie Rogers steals 3rd base 1-1: Fly out, F5 (Popup, 5S, EV 83.8 MPH)
|
| Top of the 4th over - 3 runs, 3 hits, 0 errors, 1 left on base; Boston 5 - Texas 3 |
| BOTTOM OF THE 4TH |
|
Texas Rangers batting - Pitching for Boston Red Sox : LHP Ragnar Danielsson
|
|
Batting: SHB Vince Ealy
|
0-0: Ball 1-0: Ball 2-0: Ball 3-0: Base on Balls
|
|
Batting: LHB Cody Schumacher
|
0-0: Ball 1-0: Foul Ball, location: 2F 1-1: Foul Ball, location: 2F 1-2: Ball 2-2: Fly out, F9 (Flyball, 9S, EV 95.6 MPH)
|
|
Batting: LHB Johan de Vries
|
0-0: Ball 1-0: Called Strike 1-1: Called Strike Vince Ealy steals 2nd base (no throw) 1-2: Fly out, F7 (Line Drive, 7, EV 87.5 MPH)
|
|
Batting: RHB Alex Sandoval
|
0-0: Ground out U3 (Groundball, 34S, EV 78.8 MPH)
|
| Bottom of the 4th over - 0 runs, 0 hits, 0 errors, 1 left on base; Boston 5 - Texas 3 |
| TOP OF THE 5TH |
|
Boston Red Sox batting - Pitching for Texas Rangers : RHP Hector Aguado
|
|
Batting: SHB Mark Rennie
|
0-0: Ball 1-0: Ball 2-0: Ball 3-0: Ground out 6-3 (Groundball, 6M, EV 81.9 MPH)
|
|
Batting: LHB Ernesto Cedillos
|
0-0: Ball 1-0: Ball 2-0: Ball 3-0: Base on Balls
|
|
Batting: SHB Rich Chavez
|
0-0: Called Strike 0-1: Foul Ball, location: 2F 0-2: Ball 1-2: Grounds into double play, 4-6-3 (Groundball, 34D, EV 108.8 MPH)
|
| Top of the 5th over - 0 runs, 0 hits, 0 errors, 0 left on base; Boston 5 - Texas 3 |
| BOTTOM OF THE 5TH |
|
Texas Rangers batting - Pitching for Boston Red Sox : LHP Ragnar Danielsson
|
|
Batting: RHB David Casas
|
0-0: Ball 1-0: Fly out, F8 (Flyball, 8LD, EV 91.9 MPH)
|
|
Batting: SHB John Giesbrecht
|
0-0: Ball 1-0: Ball 2-0: Called Strike 2-1: SINGLE (Groundball, 6D, EV 103.1 MPH)
|
|
Batting: RHB Bert Clark
|
0-0: Ball 1-0: Ball 2-0: Called Strike 2-1: SINGLE (Line Drive, 89S, EV 100.0 MPH) John Giesbrecht to second Runner from 2nd tries for 3rd, SAFE, throw by RF made to third
|
|
Batting: RHB Rich Stinson
|
0-0: Fly out, F3 (Flyball, 3D, EV 85.0 MPH)
|
|
Batting: RHB Casey Semenza
|
0-0: Ball 1-0: Foul Ball, location: 2F 1-1: Ball 2-1: 3-RUN HOME RUN (Flyball, 78XD, EV 102.5 MPH), Distance : 404 ft
|
|
Pitching: RHP Max Blankenship
|
|
|
Batting: SHB Vince Ealy
|
0-0: Called Strike 0-1: Ball 1-1: Foul Ball, location: 2F 1-2: Ground out 6-3 (Groundball, 56, EV 90.6 MPH)
|
| Bottom of the 5th over - 3 runs, 3 hits, 0 errors, 0 left on base; Boston 5 - Texas 6 |
| TOP OF THE 6TH |
|
Boston Red Sox batting - Pitching for Texas Rangers : RHP Hector Aguado
|
|
Batting: LHB Kevin McCormic Jr.
|
0-0: Called Strike 0-1: Ball 1-1: Ball 2-1: Swinging Strike 2-2: Strikes out swinging
|
|
Batting: RHB Nick Esteves
|
0-0: Swinging Strike 0-1: Ball 1-1: SINGLE (Groundball, 4D, EV 99.4 MPH)
|
|
Batting: SHB Greg Prime
|
0-0: Swinging Strike 0-1: Ball 1-1: Foul Ball, location: 2F 1-2: Ball 2-2: Strikes out swinging
|
|
Batting: SHB Brace Harper
|
0-0: Ground out 2-3 (Groundball, 2R, EV 65.0 MPH)
|
| Top of the 6th over - 0 runs, 1 hit, 0 errors, 1 left on base; Boston 5 - Texas 6 |
| BOTTOM OF THE 6TH |
|
Texas Rangers batting - Pitching for Boston Red Sox : RHP Max Blankenship
|
|
Batting: LHB Cody Schumacher
|
0-0: Called Strike 0-1: Ball 1-1: Called Strike 1-2: Foul Ball, location: 2F 1-2: Ground out 4-3 (Groundball, 4, EV 90.6 MPH)
|
|
Batting: LHB Johan de Vries
|
0-0: Called Strike 0-1: SINGLE (Flyball, 56D, EV 95.6 MPH)
|
|
Batting: RHB Alex Sandoval
|
0-0: Ball Johan de Vries is caught stealing 2nd base 2-4 1-0: Called Strike 1-1: Swinging Strike 1-2: Foul Ball, location: 2F 1-2: Ball 2-2: Ball 3-2: DOUBLE (Line Drive, 89M, EV 100.0 MPH)
|
|
Batting: RHB David Casas
|
0-0: Ball 1-0: Called Strike 1-1: Fly out, F8 (Line Drive, 8RD, EV 98.8 MPH)
|
| Bottom of the 6th over - 0 runs, 2 hits, 0 errors, 1 left on base; Boston 5 - Texas 6 |
| TOP OF THE 7TH |
|
Boston Red Sox batting - Pitching for Texas Rangers : RHP Hector Aguado
|
|
Batting: SHB Robbie Rogers
|
0-0: Foul Ball, location: 2F 0-1: SINGLE (Groundball, 6M, EV 98.1 MPH) (infield hit)
|
|
Batting: LHB Xavier Pittman
|
0-0: Foul Ball, location: 2F 0-1: Called Strike Robbie Rogers steals 2nd base 0-2: Ball 1-2: Ball 2-2: Foul Ball, location: 2F 2-2: Strikes out swinging
|
|
Batting: SHB Mark Rennie
|
0-0: Called Strike Robbie Rogers steals 3rd base 0-1: Swinging Strike 0-2: Foul Ball, location: 2F 0-2: Ball 1-2: Foul Ball, location: 2F 1-2: Ball 2-2: Ball 3-2: Foul Ball, location: 2F 3-2: Foul Ball, location: 2F 3-2: DOUBLE (Line Drive, 3D, EV 93.8 MPH) Robbie Rogers scores
|
|
Batting: LHB Ernesto Cedillos
|
0-0: Called Strike Mark Rennie steals 3rd base (no throw) 0-1: Ball 1-1: DOUBLE (Flyball, 8LXD, EV 99.4 MPH) Mark Rennie scores
|
|
Batting: SHB Rich Chavez
|
0-0: Ball 1-0: Ball 2-0: Ball 3-0: Called Strike 3-1: Foul Ball, location: 2F 3-2: Foul Ball, location: 2F 3-2: Strikes out swinging
|
|
Pitching: RHP Mike Webb
|
|
|
Batting: LHB Kevin McCormic Jr.
|
0-0: Called Strike 0-1: Ball 1-1: Ball 2-1: Swinging Strike 2-2: Strikes out looking
|
| Top of the 7th over - 2 runs, 3 hits, 0 errors, 1 left on base; Boston 7 - Texas 6 |
| BOTTOM OF THE 7TH |
|
Texas Rangers batting - Pitching for Boston Red Sox : RHP Max Blankenship
|
|
Batting: SHB John Giesbrecht
|
0-0: Ground out 6-3 (Groundball, 6S, EV 68.8 MPH)
|
|
Batting: RHB Bert Clark
|
0-0: Called Strike 0-1: Ground out 4-3 (Groundball, 4, EV 84.4 MPH)
|
|
Batting: RHB Rich Stinson
|
0-0: Ball 1-0: Ball 2-0: Ball 3-0: Base on Balls
|
|
Pinch Hitting: LHB Da Vo
|
Pickoff Throw to First - Error! E1 Rich Stinson to second 0-0: Ball 1-0: Called Strike 1-1: Foul Ball, location: 2F 1-2: Foul Ball, location: 2F 1-2: Strikes out swinging
|
| Bottom of the 7th over - 0 runs, 0 hits, 1 error, 1 left on base; Boston 7 - Texas 6 |
| TOP OF THE 8TH |
|
Boston Red Sox batting - Pitching for Texas Rangers : RHP Mike Webb
|
|
Pitching: RHP Kyle Curve
|
|
|
Now at 1B: Da Vo
|
|
|
Batting: RHB Nick Esteves
|
0-0: Called Strike 0-1: Ground out 6-3 (Groundball, 6, EV 103.1 MPH)
|
|
Batting: SHB Greg Prime
|
0-0: Ball 1-0: Swinging Strike 1-1: Foul Ball, location: 2F 1-2: Fly out, F8 (Flyball, 8RS, EV 88.1 MPH)
|
|
Batting: SHB Brace Harper
|
0-0: Ball 1-0: Swinging Strike 1-1: Ball 2-1: DOUBLE (Line Drive, 78D, EV 111.9 MPH)
|
|
Batting: SHB Robbie Rogers
|
0-0: Called Strike 0-1: Swinging Strike 0-2: Ball 1-2: Strikes out swinging
|
| Top of the 8th over - 0 runs, 1 hit, 0 errors, 1 left on base; Boston 7 - Texas 6 |
| BOTTOM OF THE 8TH |
|
Texas Rangers batting - Pitching for Boston Red Sox : RHP Max Blankenship
|
|
Pitching: RHP Edgar Saldivar
|
|
|
Now in RF: Shoichi Aso
|
|
|
Batting: SHB Vince Ealy
|
0-0: Ball 1-0: SOLO HOME RUN (Flyball, 7D, EV 100.0 MPH), Distance : 382 ft
|
|
Batting: LHB Cody Schumacher
|
0-0: Foul Ball, location: 2F 0-1: Ball 1-1: Ground out U3 (Groundball, 3, EV 90.6 MPH)
|
|
Batting: LHB Johan de Vries
|
0-0: Fly out, F7 (Flyball, 7S, EV 86.3 MPH)
|
|
Batting: RHB Alex Sandoval
|
0-0: Foul Ball, location: 2F 0-1: Called Strike 0-2: Strikes out looking
|
| Bottom of the 8th over - 1 run, 1 hit, 0 errors, 0 left on base; Boston 7 - Texas 7 |
| TOP OF THE 9TH |
|
Boston Red Sox batting - Pitching for Texas Rangers : RHP Kyle Curve
|
|
Pitching: RHP Troy Baker
|
|
|
Batting: LHB Xavier Pittman
|
0-0: Reached on error, E3 (Groundball, 34, EV 86.3 MPH)
|
|
Batting: SHB Mark Rennie
|
0-0: Ball 1-0: Called Strike 1-1: Foul Ball, location: 2F 1-2: Ground out 5-3 (Groundball, 56, EV 103.8 MPH)
|
|
Batting: LHB Ernesto Cedillos
|
0-0: Ball 1-0: Ball 2-0: Called Strike 2-1: Called Strike 2-2: Strikes out swinging
|
|
Batting: SHB Rich Chavez
|
0-0: Foul Ball, location: 2F 0-1: Ball 1-1: Ball 2-1: Fly out, F9 (Line Drive, 9, EV 101.3 MPH)
|
| Top of the 9th over - 0 runs, 0 hits, 1 error, 1 left on base; Boston 7 - Texas 7 |
| BOTTOM OF THE 9TH |
|
Texas Rangers batting - Pitching for Boston Red Sox : RHP Edgar Saldivar
|
|
Batting: RHB David Casas
|
0-0: Ball 1-0: Foul Ball, location: 2F 1-1: Ball 2-1: Ball 3-1: Ground out 5-3 (Groundball, 56, EV 83.1 MPH)
|
|
Batting: SHB John Giesbrecht
|
0-0: Called Strike 0-1: Swinging Strike 0-2: Ball 1-2: SINGLE (Line Drive, 89M, EV 86.9 MPH)
|
|
Batting: RHB Bert Clark
|
0-0: Grounds into double play, 4-6-3 (Groundball, 13, EV 85.6 MPH)
|
| Bottom of the 9th over - 0 runs, 1 hit, 0 errors, 0 left on base; Boston 7 - Texas 7 |
| TOP OF THE 10TH |
|
Boston Red Sox batting - Pitching for Texas Rangers : RHP Troy Baker
|
|
Batting: LHB Shoichi Aso
|
0-0: Swinging Strike 0-1: Ball 1-1: DOUBLE (Flyball, 8RXD, EV 94.4 MPH)
|
|
Pinch Hitting: LHB Brian Gray
|
0-0: Ground out 6-3 (Groundball, 6, EV 94.4 MPH) Shoichi Aso to third
|
|
Batting: SHB Greg Prime
|
0-0: Swinging Strike 0-1: SINGLE (Groundball, 5L, EV 100.0 MPH) Shoichi Aso scores
|
|
Batting: SHB Brace Harper
|
0-0: Called Strike 0-1: Ball 1-1: Called Strike 1-2: Fly out, F8 (Flyball, 8LM, EV 83.8 MPH)
|
|
Batting: SHB Robbie Rogers
|
0-0: Fly out, F7 (Flyball, 7S, EV 86.9 MPH)
|
| Top of the 10th over - 1 run, 2 hits, 0 errors, 1 left on base; Boston 8 - Texas 7 |
| BOTTOM OF THE 10TH |
|
Texas Rangers batting - Pitching for Boston Red Sox : RHP Edgar Saldivar
|
|
Pitching: RHP Guadalupe Vasguez
|
|
|
Now at 1B: Chris Lane
|
|
|
Now in CF: Shoichi Aso
|
|
|
Now in RF: Brian Gray
|
|
|
Batting: RHB Rich Stinson
|
0-0: Ball 1-0: Ball 2-0: Called Strike 2-1: Ball 3-1: Base on Balls
|
|
Batting: LHB Da Vo
|
0-0: Called Strike 0-1: Called Strike 0-2: Ball 1-2: Strikes out swinging
|
|
Batting: SHB Vince Ealy
|
0-0: Ball 1-0: Grounds into double play, 6-4-3 (Groundball, 56, EV 88.8 MPH)
|
| Bottom of the 10th over - 0 runs, 0 hits, 0 errors, 0 left on base; Boston 8 - Texas 7 |
|